 Dungeon Crawl Stone Soup version 0.30-a0-737-gf23d94013f (webtiles) character file.

Game seed: 753372587538708629

8992 CoinPitGoblin the Spry (level 11, -5/49 HPs)
             Began as a Spriggan Hunter on Feb 2, 2023.
             Was an Elder of Dithmenos.
             Slain by a cyclops (32 damage)
             ... on level 11 of the Dungeon.
             The game lasted 00:29:12 (10681 turns).

CoinPitGoblin the Spry (Spriggan Hunter)           Turns: 10681, Time: 00:29:13

Health: -5/49      AC:  6    Str: 13    XL:     11   Next: 17%
Magic:  12/12      EV: 34    Int: 11    God:    Dithmenos [****..]
Gold:   469        SH:  0    Dex: 23    Spells: 5/10 levels left

rFire   . . .      SeeInvis +    a - +1 shortbow (flame)
rCold   . . .      Faith    .    (shield currently unavailable)
rNeg    + . .      Spirit   .    I - +0 steam dragon scales
rPois   .          Reflect  .    (helmet restricted)
rElec   .          Harm     .    C - +0 cloak
rCorr   .          Rampage  .    (gloves unavailable)
Will    +....                    (boots unavailable)
Stlth   +++                      d - amulet of the acrobat
HPRegen 0.28/turn                D - +6 ring of strength
MPRegen 0.13/turn                H - ring of positive energy

@: wreathed by umbra, very quick
A: very small, no large weapons, unfitting armour, see invisible, speed 3
a: Renounce Religion, Shadow Step


You were on level 11 of the Dungeon.
You worshipped Dithmenos.
Dithmenos was greatly pleased with you.
You visited 2 branches of the dungeon, and saw 12 of its levels.
You also visited: Bailey.

You collected 658 gold pieces.
You spent 189 gold pieces at shops.

Inventory:

Hand Weapons
 a - a +1 shortbow of flaming (weapon)
 b - the +6 dagger "Spriggan's Doom" {freeze, rElec rPois rF+ rN+}
   (You bought it in a shop on level 4 of the Dungeon)

   rF:        It protects you from fire.
   rElec:     It insulates you from electricity.
   rPois:     It protects you from poison.
   rN:        It protects you from negative energy.
 q - a +2 dagger of venom
 M - a +1 long sword of freezing
 P - a +0 lajatang
Missiles
 B - 2 throwing nets
Armour
 c - a +1 robe
 s - a +0 robe of positive energy
 C - a +0 cloak (worn)
 I - +0 steam dragon scales (worn)
Jewellery
 d - an amulet of the acrobat (around neck)
 r - the amulet of Puhes {rElec Regen+ Int+4}
   (You found it on level 5 of the Dungeon)

   [amulet of regeneration]

   Int:       It affects your intelligence (+4).
   rElec:     It insulates you from electricity.
   Regen:     It increases your rate of health regeneration.
 A - a ring of ice
 D - a +6 ring of strength (left hand)
 H - a ring of positive energy (right hand)
 L - a ring of positive energy
 Q - a ring of positive energy
 S - a ring of wizardry
Wands
 i - a wand of paralysis (22)
 w - a wand of mindburst (3)
 z - a wand of polymorph (13)
 N - a wand of flame (8)
 R - a wand of light (3)
Scrolls
 f - 5 scrolls of teleportation
 g - 4 scrolls of immolation
 l - a scroll of magic mapping
 m - 4 scrolls of amnesia
 t - 2 scrolls of enchant armour
 u - 2 scrolls of enchant weapon
 x - 2 scrolls of butterflies
 y - a scroll of fog
 T - a scroll of identify
Potions
 e - 2 potions of heal wounds
 h - 5 potions of curing
 j - 4 potions of might
 k - 2 potions of invisibility
 n - 2 potions of brilliance
 o - 3 potions of mutation
 p - a potion of attraction {unknown}
 v - 2 potions of lignification {unknown}
 E - 3 potions of flight
 F - 2 potions of haste
 G - a potion of magic {unknown}
 J - a potion of ambrosia {unknown}
 K - a potion of resistance {unknown}
 O - a potion of cancellation {unknown}


   Skills:
 - Level 1.5 Fighting
 + Level 2.8 Short Blades
 + Level 11.9 Ranged Weapons
 * Level 16.9 Dodging
 - Level 1.5 Stealth


You had 5 spell levels left.
You knew the following spells:

 Your Spells              Type           Power      Damage    Failure   Level
a - Passwall              Tmut/Erth      0%         N/A       47%         2
b - Swiftness             Air            0%         N/A       71%         3

Your spell library contained the following spells:

 Spells                   Type           Power      Damage    Failure   Level
 Sandblast                Erth           0%         2d4       34%         1
 Shock                    Conj/Air       0%         1d3       34%         1
 Scorch                   Fire           0%         2d5       47%         2
 Inner Flame              Hex/Fire       0%         N/A       71%         3
 Stone Arrow              Conj/Erth      0%         3d7       71%         3
 Airstrike                Air            0%         2d(0-16)  98%         4
 Animate Armour           Summ/Erth      0%         N/A       98%         4
 Cause Fear               Hex            0%         N/A       98%         4
 Flame Wave               Conj/Fire      0%         2d4       98%         4
 Summon Lightning Spire   Summ/Air       0%         N/A       98%         4
 Iskenderun's Battlesphe  Conj           0%         2d6       100%        5
 Conjure Ball Lightning   Conj/Air       0%         3x3d6     100%        6
 Summon Cactus Giant      Summ           0%         N/A       100%        6
 Storm Form               Tmut/Air       0%         N/A       100%        7
 Discord                  Hex            0%         N/A       100%        8
 Lehudib's Crystal Spear  Conj/Erth      0%         10d2      100%        8
 Maxwell's Capacitive Co  Air            0%         ∞         100%        8
 Fire Storm               Conj/Fire      0%         5d1       100%        9


Dungeon Overview and Level Annotations

Branches:
Dungeon (11/15)            Temple (1/1) D:6            Lair (0/5) D:11
    Orc (0/2) D:10         Bailey (visited)

Altars:
Ashenzari
Cheibriados
Dithmenos
Elyvilon
Fedhas
Gozag
Hepliaklqana
Kikubaaqudgha
Makhleb
Nemelex Xobeh
Okawaru
Qazlal
Ru
Sif Muna
Trog
Uskayaw
Vehumet
Wu Jian
Xom
Yredelemnul
Zin
The Shining One

Shops:
D:4 (   D:6 *[

Annotations:
Temple 2 transporters


Innate Abilities, Weirdness & Mutations

You are very small and have problems with some larger weapons.
You are too small for most types of armour.
You have supernaturally acute eyesight. (SInv)
You cover ground extremely quickly. (Speed+++)


Message History

An orc is nearby!
You shoot an arrow. The orc shouts!
The arrow hits the orc.
The arrow burns the orc.
The orc is moderately wounded.
You shoot an arrow. The arrow barely misses the orc.
Your shadow shoots an arrow.
The arrow barely misses the orc.
You shoot an arrow. The arrow hits the orc.
The arrow burns the orc.
You kill the orc!
Dithmenos accepts your kill.
Your shadow shoots an arrow.
No target in view!
No target in view!
You now have 469 gold pieces (gained 5).
You see here a +0 dagger.
There is a roughly hewn altar of Beogh here.
There is an open door here.
You open the door.
A cyclops comes into view.
The cyclops shouts!
A cyclops is nearby!
A cyclops is nearby!
A cyclops is nearby!
You shoot an arrow. The arrow hits the cyclops.
The arrow burns the cyclops.
The cyclops is lightly wounded.
You shoot an arrow. The arrow hits the cyclops.
The arrow burns the cyclops.
The cyclops is moderately wounded.
The cyclops hits you!!
You emit a cloud of dark smoke.
You shoot an arrow.
The arrow hits the cyclops but does no damage.
The cyclops is moderately wounded.
The cyclops misses you.
You shoot an arrow. The arrow hits the cyclops!
The arrow burns the cyclops.
The cyclops is heavily wounded.
You shoot an arrow.
The arrow hits the cyclops but does no damage.
The cyclops is heavily wounded.
The cyclops hits you!!
Ouch! That really hurt!
You die...

####'############...........#
# #.### ###+######### #...#
####.#### ## ###.......# ...
..........# .... ###.......#
..... #.......# #####§.....
#.......####.§@C§.....
#.......##..§###§.....
#.......##.### .....
#.......##.# ....
#..........# ... #.......####
## #########


You could see a cyclops.

Vanquished Creatures
  Joseph (D:7)
  A rime drake (D:11)
  2 trolls (D:10)
  A hornet (D:9)
  2 shadows
  A wyvern (D:9)
  8 yaks
  2 humans (D:8)
  A steam dragon (D:8)
  2 wargs (D:10)
  2 sky beasts (D:7)
  7 ice beasts
  8 orc warriors
  4 ogres
  2 black bears (D:5)
  4 wolves (D:10)
  7 centaurs
  2 kobold brigands
  A bullfrog (D:8)
  2 necrophages
  A gnoll sergeant (D:10)
  4 wyvern zombies (D:6)
  3 scorpions (D:5)
  3 wights (D:8)
  A water moccasin zombie (D:6)
  4 howler monkeys
  A centaur zombie (D:6)
  A bullfrog zombie (D:6)
  3 jellies
  9 orc priests
  4 hounds
  18 orc wizards
  Robin (D:3)
  10 gnolls
  6 adders
  2 shadow imps
  2 white imps
  An ufetubus (D:5)
  6 worms
  2 dart slugs
  65 orcs
  7 endoplasms
  2 giant cockroaches (D:2)
  13 goblins
  10 hobgoblins
  4 jackals (D:2)
  6 quokkas
  7 ball pythons
  5 bats
  14 kobolds
  5 rats
280 creatures vanquished.

Vanquished Creatures (others)
  2 orc wizards (D:9)
  3 plants (D:6)
5 creatures vanquished.

Grand Total: 285 creatures vanquished

Notes
Turn   | Place    | Note
-------+----------+-------------------------------------------
     0 | D:1      | CoinPitGoblin the Spriggan Hunter began the quest for the
                  | Orb.
     0 | D:1      | Reached XP level 1. HP: 10/10 MP: 2/2
    36 | D:1      | Reached skill level 3 in Dodging
   107 | D:1      | Reached XP level 2. HP: 10/14 MP: 3/3
   159 | D:1      | Reached skill level 4 in Dodging
   990 | D:2      | Reached XP level 3. HP: 18/18 MP: 4/4
  1066 | D:2      | Reached skill level 5 in Dodging
  1914 | D:3      | Reached XP level 4. HP: 22/22 MP: 5/5
  1966 | D:3      | Reached skill level 6 in Dodging
  2022 | D:3      | Found an opulent altar of Gozag.
  2302 | D:3      | Reached XP level 5. HP: 25/25 MP: 6/6
  2303 | D:3      | Reached skill level 7 in Dodging
  2358 | D:3      | Noticed Robin
  2384 | D:3      | Killed Robin
  2421 | D:3      | Found a faded altar of an unknown god.
  2439 | D:3      | Found a radiant altar of Vehumet.
  2544 | D:3      | Reached skill level 8 in Dodging
  2787 | D:4      | Reached XP level 6. HP: 30/30 MP: 7/7
  2850 | D:4      | Reached skill level 9 in Dodging
  3163 | D:4      | Found Zeveid's Antique Weapon Shoppe.
  3166 | D:4      | Bought a transparent dagger for 189 gold pieces
  3166 | D:4      | Identified the +6 dagger "Spriggan's Doom" {freeze, rElec
                  | rPois rF+ rN+} (You bought it in a shop on level 4 of the
                  | Dungeon)
  3274 | D:4      | Found a hazy altar of Hepliaklqana.
  3349 | D:5      | Entered Level 5 of the Dungeon
  3422 | D:5      | Identified the amulet of Puhes {rElec Regen+ Int+4}
  3500 | D:5      | Reached XP level 7. HP: 33/33 MP: 8/8
  3507 | D:5      | Reached skill level 5 in Ranged Weapons
  3586 | D:5      | Reached skill level 10 in Dodging
  3873 | D:5      | Reached XP level 8. HP: 37/37 MP: 9/9
  4253 | D:6      | Found a staircase to the Ecumenical Temple.
  4278 | Temple   | Entered the Ecumenical Temple
  4278 | Temple   | Found a transporter.
  4278 | Temple   | Found a transporter.
  4280 | Temple   | Found a transporter.
  4280 | Temple   | Found a transporter.
  4315 | Temple   | Became a worshipper of Dithmenos the Shadowed
  4483 | D:6      | Found Zeuto's Armour Shop.
  4643 | D:6      | Found a basalt altar of Yredelemnul.
  4785 | D:6      | Reached XP level 9. HP: 41/41 MP: 10/10
  4900 | D:6      | Found Geofib's Fire Supplies.
  5221 | D:7      | Reached skill level 10 in Ranged Weapons
  5221 | D:7      | Reached skill level 11 in Dodging
  5387 | D:7      | Reached skill level 12 in Dodging
  5421 | D:7      | Found an ancient bone altar of Kikubaaqudgha.
  5452 | D:7      | Reached * piety under Dithmenos
  5576 | D:7      | Noticed Joseph
  5627 | D:7      | Killed Joseph
  5628 | D:7      | Reached skill level 13 in Dodging
  5858 | D:8      | Reached skill level 14 in Dodging
  6287 | D:8      | Found a flagged portal.
  6304 | Bailey   | Entered a bailey
  6418 | D:8      | Reached XP level 10. HP: 32/46 MP: 11/11
  6520 | D:8      | Reached ** piety under Dithmenos
  6548 | D:8      | Reached skill level 15 in Dodging
  6647 | D:8      | Found a broken altar of Ashenzari.
  7034 | D:9      | Found a shimmering blue altar of Sif Muna.
  7078 | D:9      | Paralysed by a hornet for 3 turns
  7080 | D:9      | HP: 2/46 [hornet (9)]
  7272 | D:9      | Found a glowing silver altar of Zin.
  7580 | D:9      | Found a sacrificial altar of Ru.
  8099 | D:10     | Entered Level 10 of the Dungeon
  8131 | D:9      | Reached skill level 16 in Dodging
  8243 | D:10     | Reached skill level 1 in Short Blades
  8775 | D:10     | Reached *** piety under Dithmenos
  9174 | D:10     | Identified the +9 chain mail of Card Tricks {rF+ rN+}
  9207 | D:10     | Found a staircase to the Orcish Mines.
  9925 | D:11     | Noticed a boulder beetle
  9995 | D:11     | Reached XP level 11. HP: 49/49 MP: 12/12
 10134 | D:11     | Learned a level 2 spell: Passwall
 10138 | D:11     | Learned a level 3 spell: Swiftness
 10399 | D:11     | Reached **** piety under Dithmenos
 10518 | D:11     | Found a staircase to the Lair.
 10528 | D:11     | Got the Handbook of Destruction
 10681 | D:11     | Slain by a cyclops

Illustrated notes

Levels and vault maps discovered:
D:1:      erik_arrival_blinker_ship, layout_basic
D:2:      layout_loops_cross
D:3:      layout_loops_ring, vehumet_crystals, old_standard_altar,
          hellmonk_ecumenical_altar_blasted, uniq_robin
D:4:      layout_rooms, nzn_hepliaklqana_mist_gate, serial_shops,
          kennysheep_mini
D:5:      minmay_diamond_boxcup, layout_basic, st_stairs_14
D:6:      layout_rooms, nicolae_yredelemnul_corpse_copse,
          minmay_temple_entry_overgrown, serial_shops, nicolae_shop_waterfront,
          nicolae_shop_fire_sale [nicolae_sub_dead_trees]
D:7:      layout_cave_pools, lemuel_round_altar, uniq_joseph
D:8:      layout_basic, kennysheep_mini_moat, enter_bailey_2
D:9:      layout_basic, nicolae_ru_path_of_blood, nicolae_sif_muna_condensation,
          zin_academy
D:10:     layout_basic, erik_orc_4
D:11:     layout_roguey [special_room_orc], hellmonk_lair_entry_icy
Temple:   hellmonk_temple_divided_pantheon

Skill      XL: |  1  2  3  4  5  6  7  8  9 10 |
---------------+-------------------------------+-----
Dodging        | 3 4 5 6 8 9 10 14 16 | 16.9
Ranged Weapons | 7 9 10 11 | 11.9
Short Blades   | 2 |  2.8
Fighting       | |  1.5
Stealth        | |  1.5

Action                     |  1- 3 |  4- 6 |  7- 9 | 10-12 || total
---------------------------+-------+-------+-------+-------++-------
  Melee: Dagger            |       |     3 |    75 |    73 ||   151
         Punch             |       |       |     1 |     1 ||     2
   Fire: Shortbow          |    95 |   133 |   450 |   435 ||  1113
         Sling             |    60 |    41 |       |       ||   101
  Evoke: Wand              |       |       |     4 |       ||     4
    Use: Scroll            |       |     9 |     5 |     6 ||    20
         Potion            |       |       |       |     1 ||     1
   Stab: Paralysed         |       |       |     3 |       ||     3
 Armour: Robe              |     4 |     2 |    20 |       ||    26
         Steam dragon scal |       |       |     1 |     8 ||     9
  Dodge: Dodged            |   113 |    50 |   332 |   318 ||   813

Table legend: (Time is in decaauts)
 A = Elapsed time spent in this place.
 B = Non-inter-level travel time spent in this place.
 C = Inter-level travel time spent in this place.
 D = Time resting spent in this place.
 E = Time spent auto-exploring this place.
 F = Levels seen in this place.
 G = Mean time per level.
                   A        B        C        D        E       F      G
               +--------+--------+--------+--------+--------+-----+--------+
         Total |   7787 |   7161 |    626 |    471 |   4061 |  13 |  599.0 |
       Dungeon |   7733 |   7115 |    618 |    471 |   4057 |  11 |  703.0 |
        Temple |     34 |     26 |      8 |      0 |      3 |   1 |   34.0 |
        Bailey |     19 |     19 |      0 |      0 |      1 |   1 |   19.0 |
               +--------+--------+--------+--------+--------+-----+--------+

Top non-repeatable levels by time:
    D:10: 1278 daAuts
     D:9: 1029 daAuts
     D:8: 752 daAuts
     D:2: 724 daAuts
     D:3: 661 daAuts
     D:5: 636 daAuts
     D:1: 612 daAuts
     D:6: 593 daAuts
     D:7: 533 daAuts
    D:11: 484 daAuts
     D:4: 425 daAuts
  Temple: 34 daAuts
  Bailey: 19 daAuts
